Map: Mech Depot LE

Players

INnoVation - Winner!

  • Race: Terran Terran
  • Spawn Location: 7:00

TRUE

  • Race: Zerg Zerg
  • Spawn Location: 1:00

Event: 2017 WCS Global Finals

VOD

Have the link to the VOD?

Description

Time

  • Played on: Oct. 28, 2017, 1:49 p.m.
  • Length: 9:02

All games in this series

Show
View Real Time Build Order
Export as new Build Order

INnoVation Terran - Winner!

Build Orders: Hellion Opening, Reaper Expand 

Get SALT Encoding   

  12  0:00  SCV  
  13  0:12  SCV  
  14  0:17  Supply Depot  
  14  0:24  SCV  
  15  0:38  SCV  
  15  0:40  Barracks  
  16  0:43  Refinery  
  16  0:50  SCV  
  17  1:03  SCV  
  18  1:15  SCV  
  19  1:27  Reaper, Orbital Command  
  20  1:39  Command Center  
  20  1:50  Supply Depot  
  20  1:52  SCV  
  21  1:59  Marine  
  22  2:04  Factory  
  22  2:06  SCV  
  23  2:10  Refinery  
  23  2:18  SCV  
  23  2:21  Barracks Reactor  
  24  2:30  SCV  
  25  2:43  SCV  
  26  2:48  Starport  
  26  2:51  Orbital Command  
  26  2:55  SCV  
  27  3:01  Hellion x2  
  27  3:04  Barracks Tech Lab  
  31  3:07  SCV  
  32  3:16  SCV  
  32  3:19  SCV  
  34  3:21  Supply Depot  
  34  3:22  Hellion x2  
  38  3:30  Viking  
  38  3:31  SCV x2  
  42  3:41  Barracks Tech Lab  
  42  3:43  SCV  
  42  3:44  SCV  
  42  3:45  Supply Depot  
  42  3:46  Hellion x2  
  48  3:55  SCV  
  48  3:56  SCV  
  48  4:00  Medivac  
  52  4:03  Supply Depot  
  52  4:07  Armory, Hellion  
  52  4:09  Hellion  
  56  4:14  SCV x2  
  56  4:15  Liberator  
  58  4:23  Supply Depot  
  58  4:26  SCV  
  58  4:27  SCV  
  63  4:43  Siege Tank  
  63  4:45  Command Center, SCV x2  
  68  4:52  Supply Depot  
  68  4:57  SCV x2  
  70  5:00  Refinery, Marine x2  
  70  5:01  Refinery  
  72  5:09  SCV  
  72  5:10  SCV  
  74  5:14  Engineering Bay  
  74  5:15  Engineering Bay  
  74  5:21  SCV  
  74  5:22  SCV, Siege Tank  
  74  5:27  Barracks  
  79  5:34  Starport Reactor  
  79  5:35  Marine  
  79  5:36  Barracks, SCV  
  79  5:37  SCV  
  79  5:44  Supply Depot  
  77  5:52  Marine  
  77  5:53  Terran Infantry Armor Level 1, SCV  
  77  5:54  SCV, Terran Infantry Weapons Level 1  
  79  5:58  Orbital Command  
  79  6:02  Stimpack  
  76  6:06  SCV  
  76  6:09  Barracks, SCV  
  76  6:10  Barracks, Marine  
  75  6:16  Marine x2  
  77  6:20  Medivac x2  
  77  6:21  Siege Tank  
  84  6:28  SCV x2, Marine  
  84  6:31  Orbital Command  
  84  6:32  Supply Depot  
  84  6:33  Supply Depot  
  84  6:35  Marine x2  
  84  6:38  Barracks Reactor  
  86  6:40  SCV x2  
  86  6:46  Marine  
  81  6:51  Supply Depot  
  81  6:52  Marine x2  
  81  6:54  Siege Tank  
  86  6:56  SCV x3  
  86  6:58  Barracks Reactor x2  
  89  7:04  Marine  
  90  7:09  SCV x3  
  90  7:10  Marine x2  
  90  7:15  Marine x2  
  96  7:17  Supply Depot, Refinery  
  96  7:19  Medivac x2  
  96  7:21  Marine  
  96  7:22  Refinery  
  102  7:23  SCV x3  
  102  7:26  Siege Tank  
  102  7:28  Marine x2  
  110  7:31  Supply Depot  
  110  7:33  Marine x2  
  110  7:34  Marine  
  110  7:35  SCV x3, Marine x3  
  119  7:42  Marine  
  120  7:46  Marine x2  
  120  7:47  SCV x3  
  120  7:51  Marine x2  
  127  7:52  Marine  
  127  7:56  Marine  
  127  7:57  Marine x2  
  131  8:00  Marine  
  131  8:02  Siege Tank  
  131  8:04  Marine x2  
  130  8:08  Marine  
  130  8:09  Marine  
  130  8:10  Marine  
  130  8:12  Medivac  
  131  8:13  Medivac  
  131  8:14  Marine  
  131  8:15  Marine x2  
  131  8:17  Marine  
  137  8:21  Marine  
  137  8:22  Marine  
  137  8:23  Supply Depot x2  
  139  8:27  Marine x2  
  139  8:28  Factory, Marine  
  142  8:39  Marine x6  
Show
View Real Time Build Order
Export as new Build Order

TRUE Zerg 

Build Orders: Hatch First 

Get SALT Encoding   

  12  0:00  Drone  
  13  0:12  Overlord  
  13  0:16  Drone  
  14  0:30  Drone  
  14  0:31  Drone  
  14  0:33  Drone  
  17  0:51  Hatchery  
  17  0:55  Drone  
  17  1:07  Spawning Pool  
  17  1:09  Extractor  
  15  1:13  Drone  
  15  1:16  Drone  
  17  1:20  Drone  
  18  1:27  Drone  
  19  1:38  Overlord  
  19  1:54  Queen  
  19  1:55  Zergling x2  
  19  2:00  Zergling x2  
  23  2:03  Queen, Zergling x2  
  26  2:09  Metabolic Boost  
  26  2:10  Drone  
  26  2:15  Drone  
  28  2:21  Drone  
  29  2:25  Drone  
  30  2:32  Queen  
  30  2:33  Drone  
  30  2:36  Drone  
  34  2:42  Overlord  
  34  2:46  Pneumatized Carapace  
  34  2:48  Drone  
  35  2:54  Drone  
  36  3:01  Drone  
  36  3:03  Drone x2  
  36  3:04  Drone  
  40  3:06  Drone  
  40  3:08  Drone  
  40  3:12  Drone x2  
  44  3:15  Overlord  
  44  3:34  Queen  
  44  3:35  Hatchery  
  45  3:42  Drone x5  
  45  3:46  Overlord  
  45  3:48  Drone x2  
  52  3:58  Overlord  
  52  4:03  Queen  
  52  4:04  Overlord  
  52  4:05  Drone x4  
  58  4:11  Overlord  
  58  4:15  Extractor  
  58  4:16  Queen  
  58  4:17  Extractor  
  58  4:23  Evolution Chamber  
  57  4:24  Zergling x8  
  57  4:25  Evolution Chamber  
  57  4:31  Zergling x6  
  63  4:50  Drone  
  63  4:51  Drone x6  
  70  4:54  Drone x2  
  70  4:56  Zerg Ground Armor Level 1, Drone  
  70  4:57  Lair, Zerg Melee Weapons Level 1  
  70  4:58  Drone  
  74  5:00  Drone  
  74  5:02  Overlord  
  75  5:18  Zergling x2  
  75  5:20  Overlord  
  75  5:21  Zergling x2  
  75  5:26  Zergling x6  
  75  5:27  Zergling x12  
  81  5:29  Zergling x2  
  81  5:30  Zergling x2  
  81  5:33  Zergling x2  
  78  5:36  Zergling x2  
  78  5:37  Queen  
  75  5:43  Zergling x2  
  75  5:48  Zergling x4  
  67  5:52  Zergling x2  
  66  5:58  Zergling x4  
  66  6:00  Zergling x2  
  66  6:05  Zergling x2  
  66  6:09  Queen  
  66  6:10  Zergling x2  
  60  6:12  Zergling x2  
  60  6:16  Zergling x2  
  60  6:19  Zergling x2  
  60  6:20  Zergling x2  
  62  6:27  Zergling x2  
  62  6:30  Zergling x2  
  62  6:32  Zergling x2  
  65  6:34  Queen x2  
  65  6:37  Zergling x2  
  70  6:43  Zergling x2  
  67  6:58  Drone  
  68  7:01  Drone  
  68  7:02  Drone x2  
  71  7:09  Drone x2  
  71  7:10  Baneling Nest, Drone x2  
  74  7:18  Drone x4  
  74  7:19  Queen, Zergling x2  
  74  7:22  Queen  
  82  7:23  Zergling x2  
  82  7:26  Zergling x4  
  85  7:32  Overlord  
  85  7:36  Drone x2  
  88  7:37  Zergling x6  
  90  7:48  Overlord  
  84  8:03  Queen  
  84  8:05  Drone x12  
  90  8:10  Zergling x2  
  95  8:12  Zergling x2  
  95  8:17  Zergling x2  
  96  8:22  Extractor, Baneling x2  
  96  8:23  Baneling x9  
  96  8:24  Zergling x2  
  96  8:25  Zergling x2  
  97  8:29  Zergling x2  
  97  8:32  Zergling x2  
  97  8:33  Zergling x4  
  103  8:34  Zergling x2  
  103  8:35  Zergling x2  
  103  8:36  Zergling x2  
  105  8:45  Zergling x2  
Tags
 
Add a new tag
Caveats
  • Supply blocks, unpowered buildings, or Contaminate may cause inaccurate times.
  • Supply counts are checked every 10 seconds.